 Dungeon Crawl Stone Soup version 0.16-a0-3933-g06ce5c0 (webtiles) character file.

2335 Johnny the Skirmisher (level 9, 0/93 HPs)
             Began as an Ogre Wizard on Feb 5, 2015.
             Was an Initiate of Okawaru.
             Succumbed to a wight's poison
             ... on level 8 of the Dungeon.
             The game lasted 00:22:11 (11484 turns).

Johnny the Skirmisher (Ogre Wizard)                Turns: 11484, Time: 00:22:11

Health: 0/93       AC:  3    Str: 14    XL:     9   Next: 42%
Magic:  19/32      EV: 12    Int: 17    God:    Okawaru [......]
Gold:   441        SH:  0    Dex: 15    Spells: 5 memorised, 11 levels left

rFire  . . .     SeeInvis .     I - +2 mace (holy)
rCold  + . .     Clarity  .     a - +0 robe
rNeg   . . .     SustAb   .     (shield restricted)
rPois  .         Gourm    .     b - +0 hat
rElec  .         Spirit   +     (no cloak)
rCorr  .         Warding  .     (gloves unavailable)
rMut   .         Stasis   .     (boots unavailable)
MR     .....                    y - amulet of guardian spirit
Stlth  +.........               L - ring "Quduk" {rC+ Dex+4}
                                q - ring of magical power

@: lethally poisoned (0 -> -32), very slightly contaminated, heavily drained,
not resistant to hostile enchantments, very unstealthy
A: unfitting armour, tough skin 1
a: Renounce Religion


You were on level 8 of the Dungeon.
You worshipped Okawaru.
Okawaru was noncommittal.
You were hungry.

You visited 2 branches of the dungeon, and saw 9 of its levels.

You collected 441 gold pieces.

Inventory:

Hand weapons
 g - a +0 short sword
 l - a +2 hand axe of chopping
 v - a +1 dagger of holy wrath
 B - a +2 dagger of draining
 C - a +2 spear of flaming
 I - a +2 mace of holy wrath (weapon)
 P - a +2 spear of piercing
Missiles
 j - 5 javelins of returning (quivered)
Armour
 a - a +0 robe (worn)
 b - a +0 hat (worn)
Jewellery
 o - an uncursed amulet of resist mutation
 q - a ring of magical power (left hand)
 y - an amulet of guardian spirit (around neck)
 E - an uncursed ring of ice
 L - the ring "Quduk" (right hand) {rC+ Dex+4}
   (You took it off an orc on level 6 of the Dungeon)

   [ring of protection from cold]

   It affects your dexterity (+4).
   It protects you from cold.
 O - a cursed ring of loudness {unknown}
Magical devices
 i - a wand of random effects (13)
 F - a wand of slowing (12)
 H - a wand of polymorph (0)
 J - a wand of lightning (0)
 M - a wand of hasting (0)
 N - a wand of lightning (0)
 T - a wand of magic darts (32)
Scrolls
 f - 2 scrolls of recharging
 k - a scroll of noise
 x - 6 scrolls of teleportation
 z - 3 scrolls of remove curse
 D - 2 scrolls of enchant armour
 G - 2 scrolls of magic mapping
 K - a scroll of enchant weapon
 S - a scroll of amnesia {unknown}
 U - 4 scrolls of identify
Potions
 h - 3 potions of might
 p - a potion of restore abilities
 A - 2 potions of poison
Books
 c - a book of Minor Magic

   Spells                             Type                      Level
   a - Magic Dart                     Conjuration                  1
   b - Blink                          Translocation                2
   c - Call Imp                       Summoning                    2
   d - Repel Missiles                 Charms/Air                   2
   e - Slow                           Hexes                        2
   f - Conjure Flame                  Conjuration/Fire             3
   g - Mephitic Cloud                 Conjuration/Poison/Air       3
Comestibles
 d - 2 meat rations
 w - 2 bread rations
 Q - a slice of pizza


   Skills:
 * Level 7.1(5.4) Fighting
 + Level 3.8(2.2) Armour
 * Level 6.8(5.1) Dodging
 - Level 1.5(0.0) Stealth
 + Level 6.6(4.9) Spellcasting
 - Level 0.6(0.0) Conjurations
 - Level 0.6(0.0) Summonings
 - Level 0.6(0.0) Translocations
 + Level 3.0(1.4) Air Magic


You had 11 spell levels left.
You knew the following spells:

 Your Spells              Type           Power        Failure   Level  Hunger
a - Magic Dart            Conj           #...         17%         1    None
b - Call Imp              Summ           #.......     24%         2    #......
c - Mephitic Cloud        Conj/Pois/Air  #.......     38%         3    ###....
d - Blink                 Tloc           N/A          24%         2    #......
e - Slow                  Hex            #.......     24%         2    #......


Dungeon Overview and Level Annotations

Branches:
Dungeon (8/15)             Temple (1/1) D:7
   Lair: D:8-11

Altars:
Cheibriados
Dithmenos
Elyvilon
Fedhas
Gozag
Kikubaaqudgha
Makhleb
Nemelex Xobeh
Okawaru
Qazlal
Ru
Sif Muna
Vehumet
Xom
Yredelemnul
Zin
The Shining One


Innate Abilities, Weirdness & Mutations

You are too large for most types of armour.
You have tough skin (AC +1).


Message History

Read which item? (? for menu, Esc to quit)
Okay, then.
Drink which item? (? for menu, Esc to quit)
Okay, then.
Evoke which item? (* to show all) (? for menu, Esc to quit)
Okay, then.
Drink which item? (? for menu, Esc to quit)
Okay, then.
Evoke which item? (* to show all) (? for menu, Esc to quit)
Zapping:
i - a wand of random effects {zapped: 5} (will waste charges)
Press: ? - help, Shift-Dir - straight line, f - wight
Aim: a wight, wielding a long sword and wearing a robe (translocational energy, heavily damaged)
The wight seems to speed up.
Evoking this partially-identified wand wasted a few charges.
* * * LOW HITPOINT WARNING * * *
You feel very sick.
Unknown command.
Drink which item? (? for menu, Esc to quit)
You feel refreshed.
You die...

### #.# #.# ..# #.# #.# ##### #.#
#.###.######. ...# #.# #.#....
..... #.####.# #.#.#.##.....
#####....#.########.#.#........
#+#.......................z).?...
...#.....#.#.#...####...z.z......
?...............@'.....zz.####...
.#.#.#.......))..###.##.#.# ..
#.#.#.######.........#.#... .
#.#..............#.#.#.#####
#.<...######.....#.#.#.. #.#####
#.....#. .### #. .[...#### ## ##
####.## .##


You could see 3 wights.

Vanquished Creatures
  A hippogriff (D:8)
  A water moccasin (D:6)
  4 ogres
  An orc warrior (D:6)
  Sigmund (D:6)
  Duvessa (D:7)
  2 giant frogs
  A scorpion (D:4)
  A wight (D:8)
  Dowan (D:7)
  4 hounds
  A gnoll shaman (D:5)
  3 jellies
  A crimson imp (D:5)
  An orc priest (D:3)
  4 worker ants
  2 orc wizards
  2 iguanas (D:7)
  Terence (D:3)
  A hound skeleton (D:7)
  A mummy (D:6)
  A worker ant zombie (D:5)
  12 adders
  6 gnolls
  2 shadow imps (D:5)
  3 worms
  11 orcs
  2 ball pythons
  11 bats
  5 bat zombies
  8 giant cockroaches
  14 hobgoblins
  14 jackals
  4 quokkas
  6 giant geckos
  2 giant gecko zombies (D:5)
  8 goblins
  6 kobolds
  7 rats
157 creatures vanquished.

Vanquished Creatures (collateral kills)
  The ghost of timbw the Chopper, an average HuBe of Trog (D:4)
  2 ogres
  2 gnoll sergeants
  A water moccasin zombie (D:6)
  An orc priest (D:4)
  2 crimson imps
  A centaur skeleton (D:6)
  An orc wizard (D:6)
  A worker ant (D:4)
  A hound (D:4)
  7 gnolls
  An adder (D:7)
  9 orcs
  2 bats (D:3)
  A goblin (D:4)
  A giant newt (D:6)
  A quokka skeleton (D:5)
35 creatures vanquished.

Vanquished Creatures (others)
  5 crimson imps
  2 shadow imps (D:6)
  10 white imps
17 creatures vanquished.

Grand Total: 209 creatures vanquished

Notes
Turn   | Place    | Note
--------------------------------------------------------------
     0 | D:1      | Johnny, the Ogre Wizard, began the quest for the Orb.
     0 | D:1      | Reached XP level 1. HP: 16/16 MP: 4/4
    48 | D:1      | Reached skill level 1 in Fighting
   379 | D:1      | Reached XP level 2. HP: 14/27 MP: 0/6
   763 | D:1      | Learned a level 2 spell: Call Imp
   872 | D:1      | Reached XP level 3. HP: 35/35 MP: 2/8
  1004 | D:1      | Reached skill level 1 in Armour
  1561 | D:2      | Found a white marble altar of Elyvilon.
  1720 | D:2      | Reached skill level 4 in Spellcasting
  1720 | D:2      | Reached XP level 4. HP: 41/44 MP: 11/11
  1725 | D:2      | Found a snail-covered altar of Cheibriados.
  1936 | D:2      | Found a glowing golden altar of the Shining One.
  2370 | D:3      | Noticed Terence
  2396 | D:3      | Killed Terence
  2668 | D:3      | HP: 2/45 [poisoned by a kobold]
  2676 | D:3      | HP: 1/45 [poisoned by a kobold]
  2968 | D:3      | Reached XP level 5. HP: 51/53 MP: 13/13
  4113 | D:3      | Learned a level 3 spell: Mephitic Cloud
  4116 | D:3      | Learned a level 2 spell: Blink
  4119 | D:3      | Learned a level 2 spell: Slow
  4189 | D:3      | Found a shadowy altar of Dithmenos.
  4311 | D:4      | Noticed timbw's ghost (average HuBe)
  4327 | D:4      | Killed timbw's ghost
  4327 | D:4      | Reached XP level 6. HP: 31/61 MP: 2/15
  5240 | D:4      | Reached XP level 7. HP: 63/70 MP: 18/18
  5572 | D:5      | Entered Level 5 of the Dungeon
  5782 | D:5      | Reached skill level 5 in Spellcasting
  5923 | D:5      | Reached skill level 1 in Air Magic
  6156 | D:5      | Reached skill level 5 in Dodging
  6881 | D:5      | Reached XP level 8. HP: 48/79 MP: 18/20
  7460 | D:6      | Reached skill level 5 in Fighting
  7764 | D:6      | Got a pitted copper ring
  7782 | D:6      | Noticed Sigmund
  7836 | D:6      | Killed Sigmund
  8067 | D:7      | Noticed Duvessa
  8067 | D:7      | Noticed Dowan
  8091 | D:7      | Killed Duvessa
  8113 | D:7      | Reached skill level 6 in Dodging
  8116 | D:7      | Killed Dowan
  8539 | D:7      | Identified the ring "Quduk" {rC+ Dex+4} (You took it off an orc on level 6 of the Dungeon)
  8651 | D:6      | HP: 6/121 [poisoned by a water moccasin]
  8657 | D:6      | HP: 4/121 [poisoned by a water moccasin]
  8664 | D:6      | HP: 3/121 [poisoned by a water moccasin]
  8671 | D:6      | HP: 3/121 [poisoned by a water moccasin]
  8679 | D:6      | HP: 3/124 [poisoned by a water moccasin]
  9118 | D:6      | Reached XP level 9. HP: 56/89 MP: 16/22
 10060 | D:6      | Found a sacrificial altar of Ru.
 10755 | D:7      | Found a staircase to the Ecumenical Temple.
 11036 | Temple   | Entered the Ecumenical Temple
 11323 | Temple   | Became a worshipper of Warmaster Okawaru
 11423 | D:8      | Reached skill level 7 in Fighting
 11461 | D:8      | HP: 6/139 [poisoned by a wight]
 11483 | D:8      | HP: 3/93 [poisoned by a wight]
 11484 | D:8      | Succumbed to a wight's poison

Action                   |  1- 3 |  4- 6 |  7- 9 || total
-------------------------+-------+-------+-------++-------
Melee: Unarmed           |    27 |       |       ||    27
       Short sword       |    63 |       |       ||    63
       Hand axe          |    37 |   170 |       ||   207
       Dagger            |       |    79 |   483 ||   562
       Mace              |       |       |    13 ||    13
 Cast: Magic Dart        |    11 |     2 |       ||    13
       Call Imp          |     2 |    21 |    74 ||    97
       Mephitic Cloud    |       |       |     1 ||     1
Evoke: Wand              |       |       |     9 ||     9
  Use: Scroll            |       |     6 |     5 ||    11
       Potion            |       |       |    16 ||    16
 Stab: Sleeping          |       |     2 |     1 ||     3
       Distracted        |       |       |     3 ||     3
       Confused          |       |       |     1 ||     1
  Eat: Chunk             |     3 |    12 |    13 ||    28
       Fruit             |       |       |     5 ||     5
       Beef jerky        |       |       |     2 ||     2
